 Dungeon Crawl Stone Soup version 0.30.0-13-g156ef70053 (webtiles) character file.

Game seed: 15646265860178235886

205 mkat the Trooper (level 5, 0/75 HPs)
             Began as a Naga Berserker on May 17, 2023.
             Was a Believer of Trog.
             Slain by a gnoll bouda
             ... wielding a +0 club
              (9 damage)
             ... on level 4 of the Dungeon on May 18, 2023.
             The game lasted 00:09:16 (2829 turns).

mkat the Trooper (Naga Berserker)                   Turns: 2829, Time: 00:09:17

Health: 0/75       AC:  3    Str: 19    XL:     5   Next: 83%
Magic:  5/5        EV:  5    Int:  8    God:    Trog [**....]
Gold:   140        SH:  0    Dex: 12    Spells: 4/4 levels left

rFire   . . .        a - +6 dagger "Coutref" {heavy, rPois}
rCold   . . .        (no shield)
rNeg    . . .        g - +0 leather armour
rPois   +            (no helmet)
rElec   .            (no cloak)
rCorr   .            (no gloves)
SInv    +            (no barding)
Will    .....        (no amulet) Stlth
                     (no ring)
HPRegen 0.32/turn    (no ring)
MPRegen 0.09/turn

%: no passive effects
@: berserking, weakened, held, quick
A: AC +1, large, see invisible, deformed body, poison resistance, slowness 2,
spit poison 1, naga tail 1
a: Spit Poison, Renounce Religion, Berserk, Trog's Hand


You were on level 4 of the Dungeon.
You worshipped Trog.
Trog was pleased with you.
You visited 1 branch of the dungeon, and saw 4 of its levels.

You collected 140 gold pieces.

Inventory:

Hand Weapons
 a - the +6 dagger "Coutref" (weapon) {heavy, rPois}
   (You found it on level 3 of the Dungeon)

   rPois:     It protects you from poison.
 b - a +0 sling
 p - a +0 hand axe
Armour
 g - a +0 leather armour (worn)
 h - a +0 animal skin
Wands
 k - a wand of digging (5)
Scrolls
 d - a scroll of poison
 o - 6 scrolls of identify {unknown}
 r - 2 scrolls of teleportation {unknown}
 s - a scroll of blinking {unknown}
Potions
 c - a potion of degeneration {unknown}
 e - 3 potions of lignification {unknown}
 f - a potion of flight {unknown}
 i - a potion of magic {unknown}
 j - a potion of heal wounds
 n - a potion of curing {unknown}
 q - a potion of attraction {unknown}


   Skills:
 + Level 4.0 Fighting
 + Level 1.0 Short Blades
 + Level 3.8 Axes
 + Level 1.6 Ranged Weapons
 + Level 2.0 Armour
 + Level 2.5 Dodging
 + Level 1.3 Stealth


You had 4 spell levels left.
You didn't know any spells.
Your spell library was empty.

Dungeon Overview and Level Annotations

Branches:
Dungeon (4/15)
 Temple: D:4-7

Altars:
Gozag
The Shining One


Innate Abilities, Weirdness & Mutations

Your serpentine skin is tough. (AC +1)
You have supernaturally acute eyesight. (SInv)
Armour fits poorly on your strangely shaped body.
Your system is resistant to poisons. (rPois)
You cover ground very slowly.
You can spit poison.
You have a snake-like lower body.


Message History

You puncture the gnoll!
The gnoll is severely wounded.
The gnoll bouda gazes fiercely through you!
You feel as though you will be weak longer.
The gnoll hits you from afar with a +0 spear.
The gnoll barely misses you.
You closely miss the gnoll bouda. The gnoll hits you with a +0 flail!
The gnoll hits you from afar with a +0 spear.
You puncture the gnoll bouda!
The gnoll bouda is moderately wounded.
The gnoll closely misses you.
The gnoll bouda hits you with a +0 club.
The gnoll barely misses you. The gnoll hits you with a +0 flail.
The gnoll barely misses you.
You hit the gnoll bouda.
The gnoll bouda is severely wounded.
The gnoll hits you with a +0 flail.
The gnoll bouda gazes fiercely through you!
You feel as though you will be weak longer.
The gnoll bouda hits you with a +0 club!
* * * LOW HITPOINT WARNING * * *
The gnoll hits you with a +0 club.
* * * LOW HITPOINT WARNING * * *
The gnoll misses you.
The gnoll hits you from afar with a +0 spear.
* * * LOW HITPOINT WARNING * * *
You puncture the gnoll!
You kill the gnoll!
Trog accepts your kill. The gnoll barely misses you.
The gnoll bouda hits you with a +0 club.
* * * LOW HITPOINT WARNING * * *
The gnoll barely misses you.
Your Fighting skill increases to level 4!
You closely miss the gnoll.
The gnoll throws a throwing net.
The throwing net hits you.
You become entangled in the net!
An orc wizard comes into view. It is wielding a +0 dagger.
The gnoll barely misses you.
The gnoll bouda hits you with a +0 club!
You die...

.####.≈≈~≈≈≈~.#.#
.....##≈≈.~~#......
.....####†#........
..........#.###...
.........##.......
.........##....#
.........##....#
...........g...#
...........@.g.#
..........)gg......
.........##........
..................o
..................
#######...........
####+#...... .#.###


You could see a gnoll bouda, an orc wizard and 3 gnolls.

Vanquished Creatures
  7 gnolls (D:4)
  4 adders
  An ufetubus (D:4)
  A worm (D:2)
  9 dart slugs
  An orc (D:3)
  5 ball pythons
  4 bats
  3 endoplasms
  2 giant cockroaches (D:2)
  3 goblins
  8 hobgoblins
  9 jackals
  6 kobolds
  A quokka (D:2)
  6 frilled lizards
  A rat (D:1)
71 creatures vanquished.

Notes
Turn   | Place    | Note
-------+----------+-------------------------------------------
     0 | D:1      | mkat the Naga Berserker began the quest for the Orb.
     0 | D:1      | Reached XP level 1. HP: 21/21 MP: 1/1
   114 | D:1      | Reached XP level 2. HP: 22/28 MP: 2/2
   450 | D:1      | Found a faded altar of an unknown god.
   547 | D:1      | Reached XP level 3. HP: 34/34 MP: 3/3
  1086 | D:2      | Reached ** piety under Trog
  1608 | D:3      | Identified the +6 dagger "Coutref" {heavy, rPois}
  1657 | D:3      | Found an opulent altar of Gozag.
  1761 | D:3      | Found a faded altar of an unknown god.
  1820 | D:3      | Reached XP level 4. HP: 40/44 MP: 4/4
  1925 | D:3      | Found a glowing golden altar of the Shining One.
  2478 | D:4      | Reached skill level 1 in Stealth
  2478 | D:4      | Reached XP level 5. HP: 22/50 MP: 5/5
  2496 | D:4      | Reached skill level 1 in Ranged Weapons
  2607 | D:4      | Reached skill level 1 in Short Blades
  2829 | D:4      | Reached skill level 4 in Fighting
  2829 | D:4      | Slain by a gnoll bouda

Illustrated notes

Levels and vault maps discovered:
D:1:      eino_arrival_cavern_a, layout_loops_ring,
          chequers_ecumenical_altar_lobes
D:2:      layout_basic
D:3:      layout_loops_cross, mainiacjoe_overflow_surrounded_room,
          mainiacjoe_overflow_alcove_1, nicolae_overflow_ecumenical_swirl,
          minmay_misc_feat_diagonals
D:4:      kennysheep_slugbush, layout_basic,
          minmay_temple_entry_statues_fountains, serial_curves, eino_curves_01,
          eino_curves_03, eino_curves_02, grunt_ministairs_3

Skill      XL: |  1  2  3  4  5 |
---------------+----------------+-----
Dodging        | 2 |  2.5
Stealth        | 1 |  1.3
Ranged Weapons | 1 |  1.6
Armour         | 2 |  2.0
Short Blades   | 1 |  1.0
Fighting       | 4 |  4.0
Axes           | |  3.8

Action                     |  1- 3 |  4- 6 || total
---------------------------+-------+-------++-------
  Melee: Hand axe          |    81 |       ||    81
         Dagger            |     7 |    74 ||    81
         Punch             |       |     1 ||     1
   Fire: Sling             |    16 |    33 ||    49
 Invoke: Berserk           |     1 |     3 ||     4
         Trog's Hand       |       |     1 ||     1
Ability: Spit Poison       |    23 |    14 ||    37
    Use: Scroll            |     2 |     3 ||     5
         Potion            |     1 |     2 ||     3
   Stab: Sleeping          |       |     1 ||     1
 Armour: Animal skin       |    15 |       ||    15
         Leather armour    |     5 |    33 ||    38
  Dodge: Dodged            |    68 |    85 ||   153
